 Dungeon Crawl Stone Soup version 0.13.0-19-g8e0b589 (webtiles) character file.

168 Malachi the Vexing (level 4, 0/29 (30) HPs)
             Began as a Vampire Enchanter on Oct 25, 2013.
             Slain by a gnoll
             ... wielding a +0,+0 spear
              (9 damage)
             ... on Level 2 of the Dungeon.
             The game lasted 00:05:41 (1426 turns).

Malachi the Vexing (Vampire Enchanter)              Turns: 1426, Time: 00:05:41

HP   0/29 (30)   AC  5     Str  7      XL: 4   Next: 46%
MP   8/8         EV 13     Int 18      God:
Gold 68          SH  0     Dex 14      Spells:  2 memorised,  2 levels left

Res.Fire  : . . .   See Invis. : +   a - +1 dagger {=f}
Res.Cold  : + . .   Warding    : .   b - +1 robe
Life Prot.: + + .   Conserve   : +   (no shield)
Res.Poison: +       Res.Corr.  : .   i - +0 crested helmet
Res.Elec. : .       Clarity    : .   s - +0 cloak {darkness}
Sust.Abil.: . .     Spirit.Shd : .   (no gloves)
Res.Mut.  : .       Stasis     : .   (no boots)
Res.Rott. : +       Flight     : .   m - amulet of conservation
Saprovore : . . .                    (no ring)
                                     h - ring of invisibility

@: regenerating slowly, very slightly contaminated, slightly resistant to
hostile enchantments, stealthy
A: fangs 3, see invisible, unbreathing
a: Bat Form, Evoke Invisibility


You were on level 2 of the Dungeon.
You were thirsty.

You visited 1 branch of the dungeon, and saw 2 of its levels.

You collected 48 gold pieces.

Inventory:

Hand weapons
 a - a +1,+1 dagger (weapon) {=f}
 g - a +0,+0 short sword
Missiles
 d - 12 darts (quivered)
 q - 5 needles of frenzy
Armour
 b - a +1 robe (worn)
 i - a +0 crested helmet (worn)
 s - a +0 cloak of darkness (worn)
Magical devices
 t - a wand of fireball (2)
Scrolls
 f - 3 scrolls of remove curse
 j - 2 scrolls of identify
 n - a scroll of fog
 o - 2 scrolls of fear {unknown}
 p - a scroll of noise {unknown}
 r - 2 scrolls of enchant weapon II {unknown}
Jewellery
 h - a ring of invisibility (left hand)
 m - an amulet of conservation (around neck)
Potions
 e - a potion of blood
 k - a potion of curing {unknown}
 l - a potion of confusion {unknown}
Books
 c - a book of Maledictions

   Spells                             Type                      Level
   *Corona                            Hexes                        1
   Sure Blade                         Hexes/Charms                 2
   *Ensorcelled Hibernation           Hexes/Ice                    2
   Confuse                            Hexes                        3
   Enslavement                        Hexes                        4
   Invisibility                       Hexes                        6


   Skills:
 - Level 0.1 Fighting
 + Level 1.5 Short Blades
 - Level 0.7 Throwing
 + Level 3.4 Dodging
 + Level 4.0 Stealth
 - Level 1.0 Spellcasting
 + Level 5.7 Hexes
 * Level 1.1 Evocations


You had 2 spell levels left.
You knew the following spells:

 Your Spells              Type           Power        Failure   Level  Hunger
a - Corona                Hex            ###....      1%          1    ##.....
b - Ensorcelled Hibernat  Hex/Ice        ##....       12%         2    ###....


Dungeon Overview and Level Annotations

Branches:
Dungeon (2/27)

Altars:
Nemelex Xobeh


Innate Abilities, Weirdness & Mutations

You heal slowly.
You have razor-sharp teeth.*
You have supernaturally acute eyesight.
You can survive without breathing.*


Message History

Your Stealth skill increases to level 4!
The gnoll barely misses you. The gnoll hits you with a club.
You hit the gnoll.
The gnoll is lightly wounded.
The gnoll closely misses you. The gnoll barely misses you.
The gnoll hits you with a club.
You hit the gnoll. You bite the gnoll.
You draw the gnoll's blood!
You feel better.
You feel slightly less thirsty.
The gnoll is heavily wounded.
You flicker back into view.
The gnoll hits you but does no damage. The gnoll closely misses you.
You hit the gnoll.
The gnoll is severely wounded.
The gnoll misses you. The gnoll hits you but does no damage.
The gnoll hits you from afar with a spear.
Read which item? (? for menu, Esc to quit)
Okay, then.
The gnoll closely misses you.
The gnoll hits you from afar with a spear!
You die...

... #.# #......# ..(
# #.# #......# ##
####g##.#####......#
.....g...........(..#
#.#####......# #.#
#......# ##.##
#.###### #.gg# #.#
#..@####.# #g)......#
#...###### #...#
#####


You could see 3 gnolls.

Vanquished Creatures
  Crazy Yiuf (D:2)
  An adder (D:2)
  A gnoll (D:2)
  A giant mite (D:1)
  2 oozes
  7 bats
  3 giant cockroaches (D:1)
  3 goblins (D:2)
  5 hobgoblins
  4 jackals (D:1)
  3 kobolds
  10 rats
41 creatures vanquished.

Notes
Turn   | Place    | Note
--------------------------------------------------------------
     0 | D:1      | Malachi, the Vampire Enchanter, began the quest for the Orb.
     0 | D:1      | Reached XP level 1. HP: 13/13 MP: 4/4
   204 | D:1      | Reached skill level 5 in Hexes
   204 | D:1      | Reached XP level 2. HP: 11/19 MP: 2/5
   614 | D:1      | Reached XP level 3. HP: 22/24 MP: 6/6
   618 | D:1      | Learned a level 2 spell: Ensorcelled Hibernation
  1150 | D:2      | Found a sparkling altar of Nemelex Xobeh.
  1211 | D:2      | Noticed Crazy Yiuf
  1224 | D:2      | Killed Crazy Yiuf
  1224 | D:2      | Reached skill level 1 in Evocations
  1224 | D:2      | Reached XP level 4. HP: 25/30 MP: 5/8
  1426 | D:2      | Slain by a gnoll

Action                   |  1- 3 |  4- 6 || total
-------------------------+-------+-------++-------
Melee: Dagger            |   123 |    32 ||   155
 Cast: Corona            |    12 |     3 ||    15
 Abil: Evoke Invisibilit |     6 |     2 ||     8
Evoke: Wand              |       |     1 ||     1
  Use: Scroll            |     4 |       ||     4
 Stab: Sleeping          |     6 |     1 ||     7
       Invisible         |     3 |       ||     3
